 Dungeon Crawl Stone Soup version 0.31.0-32-g396128a36d (webtiles) character file.

Game seed: 15088763783013991131

637 spaghetti the Fighter (level 7, -3/74 HPs)
             Began as a Naga Chaos Knight on Mar 15, 2024.
             Was a Plaything of Xom.
             Killed by nerve-wracking pain
             ... invoked by Menkaure
              (13 damage)
             ... on level 4 of the Dungeon.
             The game lasted 00:05:28 (3428 turns).

spaghetti the Fighter (Naga Chaos Knight)           Turns: 3428, Time: 00:05:29

Health: -3/74      AC:  7    Str: 17      XL:     7   Next: 50%
Magic:  4/7        EV:  8    Int: 19      God:    Xom [.*....]
Gold:   138        SH:  5    Dex:  9 (10) Spells: 3/6 levels left

rFire   . . .        d - +3 dagger (venom)
rCold   . . .        j - +2 buckler
rNeg    . . .        h - +1 ring mail of the Pits of Slime {rElec Str+3 Int+4}
rPois   +            f - +0 helmet
rElec   +            (no cloak)
rCorr   .            (no gloves)
SInv    +            (no barding)
Will    .....        (no amulet) Stlth
                     (no ring)
HPRegen 0.32/turn    (no ring)
MPRegen 0.10/turn

%: no passive effects
@: very slightly contaminated, very slow
A: AC +2, large, see invisible, deformed body, poison resistance, slowness 2,
spit poison 1, naga tail 1
a: Spit Poison, Renounce Religion


You were on level 4 of the Dungeon.
You worshipped Xom.
You were a plaything of Xom.
You visited 1 branch of the dungeon, and saw 4 of its levels.
You also visited: Sewer.

You collected 138 gold pieces.

Inventory:

Hand Weapons
 d - a +3 dagger of venom (weapon)
 m - a +0 quarterstaff
Armour
 a - a +2 leather armour
 f - a +0 helmet (worn)
 h - the +1 ring mail of the Pits of Slime (worn) {rElec Str+3 Int+4}
   (You found it on level 2 of the Dungeon)

   Str+3:     It affects your strength (+3).
   Int+4:     It affects your intelligence (+4).
   rElec:     It insulates you from electricity.
 j - a +2 buckler (worn)
Scrolls
 c - a scroll of identify
 e - a scroll of noise
 k - a scroll of enchant weapon
 l - a scroll of fog
Potions
 g - 2 potions of enlightenment
 i - a potion of brilliance


   Skills:
 + Level 8.2 Fighting
 - Level 1.5 Armour
 - Level 0.7 Dodging
 - Level 3.6 Unarmed Combat


You had 3 spell levels left.
You knew the following spells:

 Your Spells              Type           Power      Damage    Failure   Level
a - Volatile Blastmotes   Fire/Tloc      0%         2d10      83%         3

Your spell library contained the following spells:

 Spells                   Type           Power      Damage    Failure   Level
 Slow                     Hex            0%         N/A       45%         1
 Static Discharge         Conj/Air       0%         3-3/arc   58%         2
 Confusing Touch          Hex            0%         N/A       83%         3
 Sigil of Binding         Hex            0%         N/A       83%         3
 Vampiric Draining        Necr           0%         2d6       83%         3
 Airstrike                Air            0%         2d(0-16)  99%         4
 Fulminant Prism          Conj/Alch      0%         3d5       99%         4
 Iskenderun's Mystic Bla  Conj/Tloc      0%         2d3       99%         4
 Summon Lightning Spire   Summ/Air       0%         N/A       99%         4


Dungeon Overview and Level Annotations

Branches:
Dungeon (4/15)              Sewer (visited)
 Temple: D:4-7

Altars:
Makhleb
Ru

Annotations:
D:4 Menkaure


Innate Abilities, Weirdness & Mutations

Your serpentine skin is tough. (AC +2)
You have supernaturally acute eyesight. (SInv)
Armour fits poorly on your strangely shaped body.
Your system is resistant to poisons. (rPois)
You cover ground very slowly.
You can spit poison.
You have a snake-like lower body.


Message History

You see here a +0 quarterstaff.
m - a +0 quarterstaff The ball python bites you.
As you read the scroll of fear, it crumbles to dust.
You assume a fearsome visage.
Menkaure is unaffected.
The ball python looks frightened!
The goblin looks frightened!
Xom opens a gate.
You are now a plaything of Xom.
The goblin almost stumbles in trying to escape.
Menkaure casts a spell at you. Pain shoots through your body!
* * * LOW HITPOINT WARNING * * *
Okay, then.
Casting: Volatile Blastmotes (quite dangerous; 83% risk of failure)
Confirm with . or Enter, or press ? or * to list all spells.
You miscast Volatile Blastmotes.
You are very lightly contaminated with residual magic.
The floor and the ceiling briefly switch places.
You are magically locked in place.
Menkaure calls on the powers of darkness!
Your body is wracked with pain!
* * * LOW HITPOINT WARNING * * *
You hit Menkaure.
Menkaure is lightly damaged.
Casting: Volatile Blastmotes (quite dangerous; 83% risk of failure)
Confirm with . or Enter, or press ? or * to list all spells.
You don't know that spell.
Okay, then.
Okay, then.
Okay, then.
You hit Menkaure.
Menkaure is moderately damaged.
Menkaure hits you but does no damage.
Your shadow imp hits Menkaure.
You hit Menkaure.
Menkaure is heavily damaged.
You are no longer firmly anchored in space.
You are no longer robbed of momentum.
Menkaure points at you and mumbles some strange words.
Pain shoots through your body!
You die...
Xom snickers!

...#
#..............#.#
...#
#.#..####.########
...# .... #.# ..†#
#... #.# ####
##...###.#
.........#
#...###..#
#...###..###### #
......5@....... .
#.#..#M.####### .
## #...# .
#.g......# .
...####..!# #
#...# #...# #.S..
#.....


You could see Menkaure (ally target), a ball python (fleeing) and a friendly
shadow imp (summoned).

Vanquished Creatures
  Pargi (Sewer)
  A brain worm (Sewer)
  A howler monkey (D:4)
  A jelly (Sewer)
  4 orc priests (D:3)
  A sleepcap (D:4)
  Jessica (D:2)
  Natasha (D:4)
  An orc wizard (D:3)
  7 adders
  A dart slug (D:2)
  A ribbon worm (D:4)
  12 orcs (D:3)
  9 ball pythons
  5 endoplasms
  A giant cockroach (D:3)
  10 goblins
  5 hobgoblins
  3 jackals (D:1)
  6 kobolds
  3 quokkas (D:1)
  6 bats
  A frilled lizard (Sewer)
  3 rats (D:2)
85 creatures vanquished.

Vanquished Creatures (collateral kills)
  A hound (D:4)
  A hobgoblin (D:4)
2 creatures vanquished.

Grand Total: 87 creatures vanquished

Notes
Turn   | Place    | Note
-------+----------+-------------------------------------------
     0 | D:1      | spaghetti the Naga Chaos Knight began the quest for the
                  | Orb.
     0 | D:1      | Reached XP level 1. HP: 21/21 MP: 1/1
    38 | D:1      | XOM: silly message
    91 | D:1      | Found a faded altar of an unknown god.
   168 | D:1      | Reached XP level 2. HP: 28/28 MP: 2/2
   257 | D:1      | XOM: cloud trail
   310 | D:1      | XOM: divination: magic mapping
   524 | D:1      | XOM: silly message
   614 | D:1      | XOM: 1-stop teleportation journey
   709 | D:1      | Reached XP level 3. HP: 34/34 MP: 3/3
   834 | D:1      | XOM is BORED!
   834 | D:1      | XOM: noise
   960 | D:2      | XOM: silly message
  1002 | D:2      | XOM: cloud trail
  1024 | D:2      | XOM: god gift: 7 stones
  1035 | D:2      | Identified the +1 ring mail of the Pits of Slime {rElec
                  | Str+3 Int+4}
  1056 | D:2      | Noticed Jessica
  1063 | D:2      | Killed Jessica
  1064 | D:2      | Reached skill level 4 in Fighting
  1064 | D:2      | Reached XP level 4. HP: 42/45 MP: 4/4
  1692 | D:3      | Reached skill level 5 in Fighting
  1692 | D:3      | Reached XP level 5. HP: 34/52 MP: 5/5
  1801 | D:3      | Found a sacrificial altar of Ru.
  1928 | D:3      | XOM: 6-stop teleportation journey
  1978 | D:3      | Found a burning altar of Makhleb.
  2165 | D:3      | Reached skill level 6 in Fighting
  2177 | D:3      | XOM: enchant monster (good)
  2215 | D:3      | Reached XP level 6. HP: 59/62 MP: 6/6
  2563 | D:3      | XOM: summons 1 hostile demon
  2767 | D:4      | Noticed Natasha
  2773 | D:4      | XOM: potion effect (heal wounds)
  2775 | D:4      | Killed Natasha
  2779 | D:4      | Reached skill level 7 in Fighting
  2792 | D:4      | Noticed Menkaure
  2839 | D:4      | XOM: noise
  2845 | D:4      | XOM: silly message
  2912 | D:4      | XOM: summons friendly white imp
  2932 | D:4      | Reached XP level 7. HP: 53/72 MP: 7/7
  2938 | D:4      | XOM: summons 3 hostile shadow creatures
  3005 | D:4      | XOM: silly message
  3040 | D:4      | Found a glowing drain.
  3057 | Sewer    | Entered a sewer
  3109 | Sewer    | XOM: confuse monster(s)
  3158 | Sewer    | Noticed Pargi
  3177 | Sewer    | Killed Pargi
  3178 | Sewer    | Reached skill level 8 in Fighting
  3338 | Sewer    | Learned a level 3 spell: Volatile Blastmotes
  3424 | D:4      | XOM: summons friendly shadow imp
  3428 | D:4      | Killed from afar by Menkaure

Illustrated notes

Levels and vault maps discovered:
D:1:      amcnicky_arrival_gap_in_the_tavern_cellar, layout_basic,
          shapermc_ecumenical_altar_mp_urbaneastern
D:2:      layout_rooms, uniq_jessica
D:3:      layout_loops_ring, nicolae_overflow_crystal_walls,
          nicolae_ru_great_annihilating_truth, minmay_shallow_snake_nest
D:4:      layout_basic, mainiacjoe_overflow_chevrons,
          cheibrodos_sewer_entry_bend, uniq_blork_the_orc, uniq_menkaure,
          uniq_natasha

Skill      XL: |  1  2  3  4  5  6  7 |
---------------+----------------------+-----
Fighting       | 4 5 6 7 8 |  8.2
Armour         | |  1.5
Dodging        | |  0.7
Unarmed Combat | |  3.6

Action                     |  1- 3 |  4- 6 |  7- 9 || total
---------------------------+-------+-------+-------++-------
  Melee: Unarmed           |    11 |       |       ||    11
         Dagger            |    70 |   171 |    62 ||   303
         Punch             |     2 |     1 |       ||     3
Ability: Spit Poison       |     4 |     6 |       ||    10
    Use: Scroll            |     1 |     6 |     2 ||     9
         Potion            |       |     3 |       ||     3
   Stab: Paralysed         |       |     2 |       ||     2
 Armour: Leather armour    |    48 |       |       ||    48
         Ring mail         |     5 |   165 |    54 ||   224
  Dodge: Dodged            |    45 |    75 |    20 ||   140
  Block: Buckler           |       |    37 |    14 ||    51
